 Seeded DCSS version 0.30-a0-956-gcec3b41aec (webtiles) character file.

Game seed: 13137397067068997422 (custom seed)

3054 mistaj the Trooper (level 9, -2/50 HPs)
             Began as a Vine Stalker Fighter on Mar 30, 2023.
             Was a Believer of Okawaru.
             Shot with an arrow by a centaur (5 damage)
             ... on level 6 of the Dungeon.
             The game lasted 00:09:47 (4965 turns).

mistaj the Trooper (Vine Stalker Fighter)           Turns: 4965, Time: 00:09:48

Health: -2/50      AC:  7    Str: 23    XL:     9   Next: 87%
Magic:  0/19       EV: 10    Int:  8    God:    Okawaru [**....]
Gold:   385        SH: 10    Dex: 14    Spells: 21/21 levels left

rFire   + . .      SeeInvis .    q - +5 war axe (freeze)
rCold   . . .      Faith    .    c - +0 buckler
rNeg    + + .      Spirit   +    u - +1 ring mail {rF+}
rPois   +          Reflect  +    (no helmet)
rElec   .          Rampage  .    (no cloak)
rCorr   .                        (no gloves)
Will    +....                    j - +0 pair of boots
Stlth   +                        p - amulet of reflection
HPRegen 1.08/turn                g - ring of the Foremost Knaves {rPois rN+ Slay+2}
MPRegen 0.16/turn                a - ring of positive energy

@: no status effects
A: fangs 3, regeneration 1, magic shield, antimagic bite, no potion heal 2
a: Renounce Religion, Heroism


You were on level 6 of the Dungeon.
You worshipped Okawaru.
Okawaru was pleased with you.
You visited 2 branches of the dungeon, and saw 7 of its levels.
You also visited: Sewer.

You collected 385 gold pieces.

Inventory:

Hand Weapons
 q - a +5 war axe of freezing (weapon)
Armour
 c - a +0 buckler (worn)
 j - a +0 pair of boots (worn)
 u - a +1 ring mail of fire resistance (worn)
 y - a +1 ring mail of cold resistance
Jewellery
 a - a ring of positive energy (right hand)
 g - the ring of the Foremost Knaves (left hand) {rPois rN+ Slay+2}
   (You acquired it on level 2 of the Dungeon)

   [ring of positive energy]

   Slay:      It affects your accuracy & damage with ranged weapons and melee
   (+2).
   rPois:     It protects you from poison.
   rN:        It protects you from negative energy.
 m - the amulet of Vitality {RegenMP++ Regen++}
   (You acquired it on level 3 of the Dungeon)

   [amulet of magic regeneration]

   It increases your rate of magic regeneration.
   Regen:     It increases your rate of health regeneration.
 p - an amulet of reflection (around neck)
Wands
 b - a wand of paralysis (4)
Scrolls
 e - 3 scrolls of identify
 k - 3 scrolls of vulnerability {unknown}
 l - 2 scrolls of teleportation {unknown}
 n - 2 scrolls of magic mapping {unknown}
 o - a scroll of poison {unknown}
 t - 4 scrolls of enchant armour
 v - a scroll of torment {unknown}
 w - 2 scrolls of fog {unknown}
Potions
 d - 5 potions of might
 f - a potion of cancellation
 h - 5 potions of curing
 i - 4 potions of mutation
 r - 2 potions of brilliance
 s - 2 potions of haste
 x - a potion of berserk rage


   Skills:
 + Level 7.1 Fighting
 + Level 6.8 Axes
 - Level 2.4 Armour
 - Level 5.7 Shields
 + Level 6.6 Spellcasting


You had 21 spell levels left.
You didn't know any spells.
Your spell library contained the following spells:

 Spells                   Type           Power      Damage    Failure   Level
 Freeze                   Ice            8%         1d3       41%         1
 Frozen Ramparts          Ice            4%         1d1       80%         3
 Hailstorm                Conj/Ice       2%         3d3       80%         3
 Yara's Violent Unravell  Hex/Tmut       1%         3d3       100%        5
 Enfeeble                 Hex            1%         N/A       100%        7
 Chain Lightning          Conj/Air       1%         3d1       100%        9
 Fire Storm               Conj/Fire      1%         7d1       100%        9
 Shatter                  Erth           1%         3d5*      100%        9


Dungeon Overview and Level Annotations

Branches:
Dungeon (6/15)             Temple (1/1) D:5           Sewer (visited)

Altars:
Ashenzari
Cheibriados
Dithmenos
Elyvilon
Fedhas
Gozag
Hepliaklqana
Nemelex Xobeh
Okawaru
Qazlal
Ru
Sif Muna
Uskayaw
Wu Jian
Zin

Shops:
D:5 *


Innate Abilities, Weirdness & Mutations

You have razor-sharp teeth.
Your natural rate of healing is unusually fast.
When hurt, damage is shared between your health and your magic reserves.
Your bite disrupts and absorbs the magic of your enemies.
Potions cannot restore your health.


Message History

The centaur wields a +1 shortbow of electrocution.
You hear the crackle of electricity.
The centaur shoots an arrow.
You reflect the arrow off an invisible shield around you!
The arrow barely misses the centaur.
The centaur shoots an arrow.
The arrow hits you.
The centaur shoots an arrow.
You reflect the arrow off an invisible shield around you!
The arrow hits the centaur.
The centaur shoots an arrow.
You reflect the arrow off an invisible shield around you!
The arrow completely misses the centaur.
The centaur shoots an arrow.
You reflect the arrow off an invisible shield around you!
The arrow hits the centaur!
You kill the centaur!
Okawaru accepts your kill.
The centaur shoots an arrow.
The arrow hits you.
The centaur shoots an arrow.
You reflect the arrow off an invisible shield around you!
The arrow hits the centaur!
You kill the centaur!
Okawaru accepts your kill.
Your Fighting skill increases to level 7!
The centaur shoots an arrow.
The arrow hits you!
The centaur shoots an arrow.
The arrow barely misses you.
The centaur shoots an arrow.
You reflect the arrow off an invisible shield around you!
The arrow hits the centaur!
A centaur comes into view.
The centaur shoots an arrow.
The arrow hits you.
The centaur shoots an arrow.
The arrow hits you.
The centaur shoots an arrow.
The arrow hits you!
* * * LOW HITPOINT WARNING * * *
The centaur shoots an arrow.
The arrow hits you!
* * * LOW HITPOINT WARNING * * *
The centaur shoots an arrow.
You reflect the arrow off an invisible shield around you!
The arrow hits the centaur!
Lightning courses through the centaur!!
You kill the centaur!
Okawaru accepts your kill.
The centaur shoots an arrow.
The arrow hits you.
You die...

#.......#
#≈≈≈≈≈≈≈≈≈≈
#######.#
#≈≈≈≈≈≈..≈≈≈≈
#.#
#≈≈≈≈.####.≈≈≈
#.# ≈≈≈≈.#
.≈≈≈ #.#
≈≈≈..# #.##
#≈≈≈... #..##
≈≈≈≈)..
##..##≈≈≈≈≈).
##.@.≈≈≈≈≈c.
###.≈≈≈≈≈≈c
#.≈≈≈≈≈≈≈
#..≈≈≈≈≈≈
##...#≈≈≈
#.....# ######


You could see a centaur.

Vanquished Creatures
  Sigmund (D:4)
  Eustachio (D:4)
  Duvessa (D:4)
  A water moccasin (D:6)
  2 sky beasts (D:6)
  3 black bears
  2 ogres
  2 phantoms (D:6)
  5 centaurs
  Blork the orc (D:4)
  4 bullfrogs
  2 scorpions
  5 wights (D:6)
  Dowan (D:4)
  A howler monkey (D:6)
  An orc priest (D:4)
  A hound (D:5)
  2 jellies
  A sleepcap (D:6)
  An iguana (D:5)
  Terence (D:3)
  2 orc wizards
  8 gnolls
  10 adders
  6 river rats (Sewer)
  A shadow imp (D:6)
  A white imp (D:5)
  4 worms
  5 dart slugs
  9 orcs
  6 endoplasms
  8 giant cockroaches
  6 goblins
  7 hobgoblins
  3 quokkas
  18 ball pythons
  6 bats
  4 frilled lizards
  12 kobolds
  34 rats
189 creatures vanquished.

Vanquished Creatures (others)
  2 demonic plants (D:3)
2 creatures vanquished.

Grand Total: 191 creatures vanquished

Notes
Turn   | Place    | Note
-------+----------+-------------------------------------------
     0 | D:1      | mistaj the Vine Stalker Fighter began the quest for the
                  | Orb.
     0 | D:1      | Reached XP level 1. HP: 11/11 MP: 2/2
    66 | D:1      | Reached XP level 2. HP: 16/16 MP: 3/3
   281 | D:1      | Reached skill level 3 in Fighting
   372 | D:1      | Reached XP level 3. HP: 16/20 MP: 4/4
   604 | D:2      | Found Xexamnid's Weapon Shoppe.
   981 | D:2      | Identified a scroll of acquirement
   981 | D:2      | Acquired the ring of the Foremost Knaves {rPois rN+ Slay+2}
  1060 | D:2      | Gained mutation: Your natural rate of healing is unusually
                  | fast. [Vine Stalker growth]
  1060 | D:2      | Reached XP level 4. HP: 16/24 MP: 3/5
  1242 | D:3      | Acquired the amulet of Vitality {RegenMP++ Regen++}
  1242 | D:3      | Found the amulet of Vitality {RegenMP++ Regen++}
  1351 | D:3      | Found a faded altar of an unknown god.
  1415 | D:3      | Found an ornate altar of the Wu Jian Council.
  1728 | D:3      | Noticed Terence
  1737 | D:3      | Killed Terence
  1738 | D:3      | Reached skill level 1 in Spellcasting
  1738 | D:3      | Reached XP level 5. HP: 28/28 MP: 7/7
  1804 | D:3      | Found a broken altar of Ashenzari.
  2416 | D:4      | Noticed an ogre
  2418 | D:4      | HP: 1/29 [ogre/+0 giant club (28)]
  2439 | D:4      | Killed an ogre
  2440 | D:4      | Reached XP level 6. HP: 28/33 MP: 7/9
  2518 | D:4      | Reached skill level 4 in Fighting
  2523 | D:4      | Found an opulent altar of Gozag.
  2732 | D:4      | Noticed Dowan
  2776 | D:4      | Killed Dowan
  2778 | D:4      | Noticed Sigmund
  2798 | D:4      | Killed Sigmund
  2799 | D:4      | Reached XP level 7. HP: 38/38 MP: 10/12
  2810 | D:4      | Acquired a +5 war axe of freezing
  2866 | D:4      | Noticed Duvessa
  2872 | D:4      | Killed Duvessa
  3083 | D:4      | Noticed Eustachio
  3099 | D:4      | Killed Eustachio
  3118 | D:4      | Gained mutation: You have razor-sharp teeth. [Vine Stalker
                  | growth]
  3118 | D:4      | Reached XP level 8. HP: 38/42 MP: 12/14
  3175 | D:4      | Reached skill level 5 in Fighting
  3175 | D:4      | Reached skill level 5 in Shields
  3449 | D:4      | Found a glowing silver altar of Zin.
  3531 | D:4      | Noticed Blork the orc
  3539 | D:4      | Killed Blork the orc
  3565 | D:4      | Found a snail-covered altar of Cheibriados.
  3607 | D:5      | Entered Level 5 of the Dungeon
  3648 | D:5      | Reached skill level 5 in Axes
  3674 | D:5      | Found a staircase to the Ecumenical Temple.
  3683 | Temple   | Entered the Ecumenical Temple
  3715 | Temple   | Became a worshipper of Warmaster Okawaru
  3819 | D:5      | Found a glowing drain.
  3830 | Sewer    | Entered a sewer
  4022 | Sewer    | Reached XP level 9. HP: 45/48 MP: 13/17
  4024 | Sewer    | Reached skill level 6 in Fighting
  4024 | Sewer    | Reached skill level 5 in Spellcasting
  4083 | D:5      | Found Fattoqam's Elemental Accessories.
  4490 | D:6      | Reached * piety under Okawaru
  4724 | D:6      | Found a shadowy altar of Dithmenos.
  4961 | D:6      | Reached ** piety under Okawaru
  4962 | D:6      | Reached skill level 7 in Fighting
  4964 | D:6      | HP: 2/50 [centaur/arrow (9)]
  4965 | D:6      | Shot with an arrow by a centaur

Illustrated notes

Levels and vault maps discovered:
D:1:      dpeg_arrival_long_road, layout_basic
D:2:      layout_rooms, serial_shops, nicolae_shop_bloodbath_and_beyond
D:3:      layout_loops_corners, lemuel_round_altar,
          mainiacjoe_overflow_alcove_4, shapermc_ecumenical_altar_gd,
          minmay_misc_feat_roman, uniq_terence
D:4:      cheibrodos_old_hovel, layout_basic, kennysheep_mini,
          nicolae_gozag_cash_rules_everything_around_me, zin_statuary,
          uniq_eustachio, uniq_duvessa, uniq_blork_the_orc, uniq_sigmund
D:5:      layout_basic, minmay_temple_entry_antechambers, portal_sewer_entry_b,
          nicolae_elemental_shop
D:6:      layout_rooms, grunt_dithmenos_shadows, centaur_isle
Temple:   chequers_temple_sunken

Skill      XL: |  1  2  3  4  5  6  7  8  9 |
---------------+----------------------------+-----
Axes           | 2 3 4 5 6 |  6.8
Fighting       | 3 4 5 7 |  7.1
Shields        | 3 4 5 |  5.7
Spellcasting   | 1 2 3 4 6 |  6.6
Armour         | |  2.4

Action                     |  1- 3 |  4- 6 |  7- 9 || total
---------------------------+-------+-------+-------++-------
  Melee: War axe           |    72 |    91 |   192 ||   355
         Bite              |    20 |    32 |    49 ||   101
    Use: Scroll            |     1 |     1 |     8 ||    10
 Armour: Scale mail        |    37 |    38 |    78 ||   153
         Ring mail         |       |       |    24 ||    24
  Dodge: Dodged            |    44 |    40 |   114 ||   198
  Block: Buckler           |    15 |    14 |    76 ||   105
         Reflection        |       |       |    16 ||    16

Table legend: (Time is in decaauts)
 A = Elapsed time spent in this place.
 B = Non-inter-level travel time spent in this place.
 C = Inter-level travel time spent in this place.
 D = Time resting spent in this place.
 E = Time spent auto-exploring this place.
 F = Levels seen in this place.
 G = Mean time per level.
                   A        B        C        D        E       F      G
               +--------+--------+--------+--------+--------+-----+--------+
         Total |   5130 |   4993 |    137 |    335 |   3185 |   8 |  641.2 |
       Dungeon |   4804 |   4667 |    137 |    335 |   3107 |   6 |  800.7 |
        Temple |     57 |     57 |      0 |      0 |      0 |   1 |   57.0 |
         Sewer |    269 |    269 |      0 |      0 |     77 |   1 |  269.0 |
               +--------+--------+--------+--------+--------+-----+--------+

Top non-repeatable levels by time:
     D:4: 1278 daAuts
     D:3: 1148 daAuts
     D:2: 640 daAuts
     D:1: 616 daAuts
     D:6: 574 daAuts
     D:5: 545 daAuts
   Sewer: 269 daAuts
  Temple: 57 daAuts
